 Dungeon Crawl Stone Soup version 0.30.1-4-g462c640d31 (webtiles) character file.

Game seed: 17074376895700849953

62 Arctor the Ruffian (level 3, -1/29 HPs)
             Began as a Draconian Transmuter on Sept 7, 2023.
             Killed by nerve-wracking pain
             ... invoked by Grinder
              (14 damage)
             ... on level 3 of the Dungeon.
             The game lasted 00:01:52 (2076 turns).

Arctor the Ruffian (Draconian Transmuter)           Turns: 2076, Time: 00:01:52

Health: -1/29      AC:  5    Str: 12    XL:     3   Next: 85%
Magic:  6/6        EV: 12    Int: 15    God:
Gold:   80         SH:  0    Dex: 11    Spells: 5/6 levels left

rFire   . . .        f - +1 dagger (venom)
rCold   . . .        (no shield)
rNeg    . . .        (body armour unavailable)
rPois   .            (helmet restricted)
rElec   .            (no cloak)
rCorr   .            (no gloves)
SInv    .            (no boots)
Will    .....        (no amulet)
Stlth   +            (no ring)
HPRegen 0.24/turn    (no ring)
MPRegen 0.10/turn

%: no passive effects
@: no status effects
A: AC +5, unfitting armour, cold-blooded, horns 1
a: no special abilities


You were on level 3 of the Dungeon.
You visited 1 branch of the dungeon, and saw 3 of its levels.

You collected 80 gold pieces.

Inventory:

Hand Weapons
 f - a +1 dagger of venom (weapon)
 k - a +3 dagger
Scrolls
 b - a scroll of immolation
 c - a scroll of torment {unknown}
 h - a scroll of butterflies {unknown}
 j - a scroll of fear
Potions
 a - 2 potions of lignification
 d - 2 potions of cancellation
 e - a potion of curing {unknown}
 g - a potion of degeneration {unknown}
 i - a potion of haste {unknown}


   Skills:
 + Level 2.1 Fighting
 + Level 2.2 Dodging
 + Level 3.4 Unarmed Combat
 + Level 2.4 Spellcasting
 + Level 2.5 Transmutations


You had 5 spell levels left.
You knew the following spells:

 Your Spells              Type           Power      Damage    Failure   Level
a - Beastly Appendage     Tmut           18%        N/A       8%          1

Your spell library contained the following spells:

 Spells                   Type           Power      Damage    Failure   Level
 Wereblood                Tmut           9%         N/A       12%         2
 Magic Dart               Conj           4%         1d3       22%         1
 Cigotuvi's Dreadful Rot  Necr/Pois/Air  2%         N/A       32%         2
 Searing Ray              Conj           2%         2d4       32%         2
 Spider Form              Tmut/Pois      5%         N/A       36%         3
 Ignite Poison            Fire/Tmut/Pois 4%         N/A       41%         3
 Ice Form                 Ice/Tmut       5%         N/A       77%         4
 Fulminant Prism          Conj/Hex       0%         3d5       91%         4
 Freezing Cloud           Conj/Ice/Air   0%         6-21      99%         5


Dungeon Overview and Level Annotations

Branches:
Dungeon (3/15)

Altars:

Annotations:
D:3 Grinder


Innate Abilities, Weirdness & Mutations

Your plain brown scales are hard. (AC +5)
You cannot fit into any form of body armour.
You are cold-blooded and may be slowed by cold attacks.
You have a pair of small horns on your head.


Message History

You completely miss Grinder. Your headbutt misses Grinder.
You tail-slap Grinder, but do no damage.
Grinder closely misses you.
Your feet morph into talons.
Grinder hits you.
You writhe in agony.
You barely miss Grinder.
The frilled lizard bites you but does no damage.
Grinder hits you.
You writhe in agony.
Grinder blinks!
You barely miss the frilled lizard. Your kick misses the frilled lizard.
The frilled lizard barely misses you.
Okay, then.
Casting: Beastly Appendage (safe; 8% risk of failure)
Confirm with . or Enter, or press ? or * to list all spells.
You don't know that spell.
You barely miss the frilled lizard. You claw the frilled lizard.
You tail-slap the frilled lizard.
You kill the frilled lizard!
You barely miss the rat.
Your tail-slap misses the rat.
The rat misses you.
Okay, then.
Your +1 dagger of venom begins to drip with poison!
f - a +1 dagger of venom (weapon)
You hit the rat.
You kill the rat!
You hit Grinder but do no damage. You claw Grinder.
Your headbutt misses Grinder.
Grinder is lightly wounded.
Grinder closely misses you.
You barely miss Grinder.
Grinder is lightly wounded.
Grinder hits you!
You hit Grinder.
Grinder is poisoned.
You claw Grinder.
Your tail-slap misses Grinder.
Grinder is moderately wounded.
Your talons disappear.
Grinder hits you but does no damage.
You hit Grinder.
Grinder is moderately wounded.
Grinder gestures at you. Pain shoots through your body!
You die...

##### #### ....#### ...
###....###########.######
####..........@5......#
#############.####.# .#
r# .. .# # .# # .# #


You could see Grinder (poisoned).

Vanquished Creatures
  An adder (D:2)
  A worm (D:2)
  A dart slug (D:2)
  5 ball pythons
  3 bats (D:1)
  6 endoplasms
  A giant cockroach (D:2)
  5 goblins
  5 hobgoblins
  4 kobolds
  3 quokkas
  4 frilled lizards
  5 rats
44 creatures vanquished.

Notes
Turn   | Place    | Note
-------+----------+-------------------------------------------
     0 | D:1      | Arctor the Draconian Transmuter began the quest for the
                  | Orb.
     0 | D:1      | Reached XP level 1. HP: 16/16 MP: 3/3
   154 | D:1      | Found a faded altar of an unknown god.
   213 | D:1      | Reached XP level 2. HP: 17/23 MP: 3/5
   719 | D:2      | Reached XP level 3. HP: 29/29 MP: 4/6
  1817 | D:2      | Gained mutation: You have a pair of small horns on your
                  | head. [potion of mutation]
  2061 | D:3      | Noticed Grinder
  2076 | D:3      | Killed from afar by Grinder

Illustrated notes

Levels and vault maps discovered:
D:1:      dpeg_arrival_renting, layout_rooms, shapermc_ecumenical_altar_venn,
          st_stairs_4
D:2:      layout_basic, grunt_ministairs_6
D:3:      layout_loops_ring, grunt_ministairs_1, uniq_grinder

Skill      XL: |  1  2  3 |
---------------+----------+-----
Dodging        | 2 |  2.2
Fighting       | 2 |  2.1
Unarmed Combat | |  3.4
Spellcasting   | |  2.4
Transmutations | |  2.5

Action                     || total
---------------------------++-------
  Melee: Unarmed           ||    14
         Kick              ||    19
         Dagger            ||    86
         Tailslap          ||    10
         Punch             ||     4
         Headbutt          ||     6
   Cast: Beastly Appendage ||    50
    Use: Scroll            ||     5
         Potion            ||     1
   Stab: Sleeping          ||     1
 Armour: Skin              ||    29
  Dodge: Dodged            ||    68
